AoeStats
← Tanana

Arabia

503184484Analyzed
4v4 RM · 1mo ago on Aug 30, 2026· 40m 34s· 8 players
Game mode
Random Map
Map size
Large (8 player)
Population
200
Speed
Normal
Resources
Standard
Victory
Conquest
Starting age
Dark Age
Ending age
Imperial Age
RankedLock teamsTeams togetherTeam positionsShared explorationLock speedFull tech treeHidden civsTurbo modeCheats
Victory
Defeat
🇩🇪 Ethiopians · Germany
1388
+13
🇩🇪 Franks · Germany
1351
+15
🇩🇪 Magyars · Germany
1351
+15
🇩🇪 Tupi · Germany
1346
+15
🇻🇳 Vietnamese · Vietnam
1437
-20
🇻🇳 Italians · Vietnam
1401
-18
🇻🇳 Franks · Vietnam
1385
-17
🇻🇳 Lithuanians · Vietnam
1100
-6
Spartacus
7:04 Loom
8:51 Feudal Age
10:07 Double-Bit Axe
14:16 Fletching
14:27 Padded Archer Armor
17:04 Gold Mining
17:14 Horse Collar
22:24 Wheelbarrow
25:02 Castle Age
25:08 Crossbowman
26:08 Bodkin Arrow
28:19 Leather Archer Armor
kw3dsky
6:48 Loom
10:04 Feudal Age
15:32 Bloodlines
17:51 Scale Barding Armor
18:40 Forging
25:46 Castle Age
25:18 Gold Mining
25:14 Double-Bit Axe
25:10 Horse Collar
26:36 Husbandry
28:06 Bow Saw
29:09 Chain Barding Armor
30:07 Stone Mining
danganharmy
6:53 Loom
9:02 Feudal Age
18:10 Fletching
18:57 Padded Archer Armor
23:44 Gold Mining
30:23 Castle Age
28:45 Double-Bit Axe
28:45 Horse Collar
lequochuypy96
4:53 Loom
10:22 Feudal Age
22:34 Castle Age
21:56 Gold Mining
23:52 Wheelbarrow
24:08 Scale Barding Armor
24:13 Light Cavalry
25:05 Forging
26:09 Chain Barding Armor
29:12 Husbandry
32:40 Iron Casting
32:29 Double-Bit Axe
35:19 Hand Cart
36:38 Fletching
Fürst Zono
7:18 Loom
9:39 Feudal Age
10:15 Double-Bit Axe
13:10 Fletching
19:33 Horse Collar
23:12 Wheelbarrow
26:13 Castle Age
26:41 Crossbowman
27:17 Bodkin Arrow
27:35 Bow Saw
28:51 Ballistics
28:54 Padded Archer Armor
30:01 Thumb Ring
35:58 Town Watch
36:32 Heavy Plow
38:39 Hand Cart
I still hate Goths
5:47 Loom
8:59 Feudal Age
9:45 Double-Bit Axe
16:17 Horse Collar
19:32 Bloodlines
22:07 Scale Barding Armor
25:01 Castle Age
26:03 Chain Barding Armor
25:45 Husbandry
25:06 Light Cavalry
35:18 Fletching
40:49 Imperial Age
38:55 Wheelbarrow
Tanana
5:53 Loom
9:04 Feudal Age
11:46 Double-Bit Axe
25:25 Castle Age
24:10 Scale Barding Armor
24:23 Forging
26:32 Bow Saw
27:38 Chain Barding Armor
27:22 Husbandry
29:01 Iron Casting
I still love Koreans
6:59 Loom
9:41 Feudal Age
10:23 Double-Bit Axe
12:51 Fletching
18:27 Horse Collar
18:59 Padded Archer Armor
23:45 Castle Age
22:38 Gold Mining
23:48 Crossbowman
24:24 Bodkin Arrow
26:16 Wheelbarrow
26:28 Leather Archer Armor
28:14 Town Watch
39:20 Imperial Age
37:16 Bow Saw
37:33 Stone Mining
38:57 Ballistics
39:21 Capped Ram
39:25 Arbalester
40:06 Bracer
Connection lost

Rejoining the realm…

Still unreachable

The connection could not be restored.

Session expired

The server has moved on; the page needs a fresh start.